 Dungeon Crawl Stone Soup version 0.21.1-1-g345015fe64 (webtiles) character file.

2736 Gargoyl the Covered (level 9, -1/74 HPs)
             Began as a Centaur Abyssal Knight on June 1, 2018.
             Was a Priest of Lugonu.
             Slain by a wight
             ... wielding a +0 battleaxe
              (6 damage)
             ... on level 7 of the Dungeon on June 4, 2018.
             The game lasted 00:13:00 (8737 turns).

Gargoyl the Covered (Centaur Abyssal Knight)        Turns: 8737, Time: 00:13:01

Health: -1/74      AC: 10    Str: 16    XL:     9   Next: 40%
Magic:  22/22      EV:  2    Int: 11    God:    Lugonu [***...]
Gold:   318        SH:  3    Dex: 11    Spells: 8/8 levels left

rFire    . . .     SeeInvis .   a - +1 hand axe
rCold    . . .     Gourm    .   i - +0 buckler
rNeg     . . .     Faith    .   r - +0 plate armour
rPois    +         Spirit   .   m - +1 hat
rElec    .         Reflect  .   (no cloak)
rCorr    .         Harm     .   (no gloves)
MR       .....                  (no barding)
Stlth    ..........             s - amulet of regeneration
HPRegen  0.62/turn              d - ring of poison resistance
MPRegen  0.18/turn              l - ring of magical power

@: heavily drained, very quick
A: large, hooves 3, deformed body, speed 2, tough skin 3
a: Depart the Abyss, Bend Space, Banish, Renounce Religion


You were on level 7 of the Dungeon.
You worshipped Lugonu.
Lugonu was most pleased with you.
You were hungry.

You visited 1 branch of the dungeon, and saw 9 of its levels.
You visited the Abyss 1 time.

You collected 318 gold pieces.

Inventory:

Hand Weapons
 a - a +1 hand axe (weapon)
 u - the +0 long sword of the Eggplant {drain, Dex+2}
   (You took it off a gnoll on level 6 of the Dungeon)

   A truly terrible weapon, it drains the life of those it strikes.
   It affects your dexterity (+2).
Missiles
 p - 6 tomahawks (quivered)
Armour
 i - a +0 buckler (worn)
 m - a +1 hat (worn)
 r - a +0 plate armour (worn)
Jewellery
 d - a ring of poison resistance (left hand)
 l - a ring of magical power (right hand)
 s - an amulet of regeneration (around neck)
Wands
 e - a wand of acid (11)
 x - a wand of random effects (13)
Scrolls
 b - a scroll of blinking
 g - 2 scrolls of amnesia
 k - a scroll of remove curse
 q - 3 scrolls of teleportation
 t - 2 scrolls of identify
Potions
 f - 3 potions of curing
 h - a potion of ambrosia {unknown}
 j - a potion of berserk rage {unknown}
 o - a potion of magic
 w - a potion of haste {unknown}
 z - a potion of heal wounds {unknown}
Books
 n - Kikubaaqudgha's Almanac of Dark Secrets
   (You found it on level 2 of the Dungeon)

   Spells                             Type                      Level
   a - Animate Skeleton               Necromancy                   1
 v - a book of Minor Magic

   Spells                             Type                      Level
   a - Magic Dart                     Conjuration                  1
   b - Blink                          Translocation                2
   c - Call Imp                       Summoning                    2
   d - Slow                           Hexes                        2
   e - Conjure Flame                  Conjuration/Fire             3
   f - Mephitic Cloud                 Conjuration/Poison/Air       3
Comestibles
 c - 8 rations


   Skills:
 + Level 5.3(2.6) Fighting
 + Level 4.0(1.4) Long Blades
 + Level 5.0(2.3) Axes
 * Level 6.4(3.6) Armour
 + Level 1.3(0.0) Dodging
 + Level 0.9(0.0) Shields
 * Level 5.9(3.1) Invocations


You had 8 spell levels left.
You didn't know any spells.

Dungeon Overview and Level Annotations

Branches:
Dungeon (9/15)             Temple (0/1) D:6
   Lair: D:8-11         Orc: D:9-12

Altars:
Cheibriados
Elyvilon
Kikubaaqudgha
Makhleb
Okawaru
Ru
Sif Muna
Vehumet
Wu Jian
The Shining One

Shops:
D:5 (

Annotations:
D:7 Dowan
Abyss:1 Prince Ribbit


Innate Abilities, Weirdness & Mutations

You have hooves in place of feet.
Armour fits poorly on your strangely shaped body.
You cover ground very quickly.
You have extremely tough skin. (AC +3)


Message History

You feel drained. The wight hits you but does no damage.
Unknown command.
You hit the wight.
The wight is almost destroyed.
You closely miss the wight. The wight hits you but does no damage.
Unknown command.
You barely miss the wight. You kick the wight, but do no damage.
The wight is almost destroyed.
You closely miss the wight. The wight hits you with a battleaxe!
You feel drained.
* * * LOW HITPOINT WARNING * * *
The wight hits you with an enchanted war axe.
* * * LOW HITPOINT WARNING * * *
You hit the wight.
You destroy the wight!
Lugonu accepts your kill.
You hit the wight. The wight hits you with a battleaxe!
* * * LOW HITPOINT WARNING * * *
You feel drained.
You die...

### . .# ###.. ....##.# #
##...##.#... #.# .#
#.....#.#...##'## ###.##.
#.......##.##...## .......
#.....# #.#.....## .......
##...#####...z....## .......
######..........@).[..##.......
....[.................'[.......
#####.#..####.........##.......
.# #...## ##.......## .......
.# #.### ##.....## ###.### .#
#.# ##...## #.# .####.###
##'####### #.# ........#
#.#.....# #.# ..###.#.#
#.#.###.# #.#


You could see a wight.

Vanquished Creatures
  A hippogriff (D:7)
  A hungry ghost (D:7)
  Menkaure (D:7)
  A water moccasin (D:7)
  An orc warrior (D:8)
  Duvessa (D:7)
  A centaur (D:5)
  2 ogres (D:7)
  A bullfrog (D:6)
  A scorpion (D:7)
  5 wights (D:7)
  2 crimson imps (D:6)
  2 bullfrog zombies
  4 hounds
  2 jellies (D:6)
  A centaur skeleton (D:8)
  An iguana (D:6)
  A bullfrog skeleton (D:5)
  2 orc wizards
  4 worker ants
  4 gnolls (D:6)
  14 adders
  4 oozes
  An adder zombie (D:7)
  3 worms
  2 dart slugs
  3 leopard geckos
  6 orcs
  8 giant cockroaches
  15 goblins
  10 hobgoblins
  12 jackals
  7 kobolds
  8 quokkas
  A ball python (D:4)
  13 bats
  5 frilled lizards (D:2)
  A leopard gecko skeleton (D:4)
  A quokka skeleton (D:4)
  A quokka zombie (D:5)
  7 rats
161 creatures vanquished.

Vanquished Creatures (others)
  The ghost of Lokiki the Cleaver, a novice DDFi of Ashenzari (D:7)
  The ghost of Lokiki the Bolt Thrower, a novice DDHu of Zin (D:6)
  A wight (D:6)
  A crimson imp (D:5)
4 creatures vanquished.

Grand Total: 165 creatures vanquished

Notes
Turn   | Place    | Note
-------+----------+-------------------------------------------
     0 | Abyss:1  | Gargoyl the Centaur Abyssal Knight began the quest for the Orb.
     0 | Abyss:1  | Reached XP level 1. HP: 19/19 MP: 2/2
    17 | Abyss:1  | Noticed a wretched star
    18 | D:1      | Escaped the Abyss
   301 | D:1      | Reached * piety under Lugonu
   306 | D:1      | Reached XP level 2. HP: 25/26 MP: 3/3
   868 | D:2      | Reached XP level 3. HP: 15/31 MP: 4/4
  1198 | D:2      | Reached skill level 2 in Armour
  1466 | D:2      | Reached ** piety under Lugonu
  1466 | D:2      | Reached XP level 4. HP: 31/40 MP: 5/5
  2158 | D:2      | Found a faded altar of an unknown god.
  2212 | D:2      | Found a radiant altar of Vehumet.
  2221 | D:2      | Found an ancient bone altar of Kikubaaqudgha.
  2292 | D:2      | Found a deep blue altar of Sif Muna.
  2295 | D:2      | Identified Kikubaaqudgha's Almanac of Dark Secrets
  2312 | D:2      | Reached XP level 5. HP: 46/46 MP: 6/6
  2420 | D:3      | Reached skill level 1 in Dodging
  2767 | D:3      | Found a snail-covered altar of Cheibriados.
  2768 | D:3      | Found an ornate altar of the Wu Jian Council.
  2768 | D:3      | Found a sacrificial altar of Ru.
  2852 | D:3      | Found an iron altar of Okawaru.
  2964 | D:3      | Reached *** piety under Lugonu
  3513 | D:3      | Reached skill level 3 in Armour
  3959 | D:4      | Reached XP level 6. HP: 52/52 MP: 8/8
  4563 | D:5      | Entered Level 5 of the Dungeon
  4563 | D:5      | Noticed Prince Ribbit
  4570 | D:5      | Banished Prince Ribbit
  4636 | D:5      | Found a burning altar of Makhleb.
  4848 | D:5      | Reached XP level 7. HP: 57/59 MP: 9/9
  5102 | D:5      | Found a white marble altar of Elyvilon.
  5102 | D:5      | Found a glowing golden altar of the Shining One.
  5485 | D:5      | Found Heurug's Weapon Emporium.
  5561 | D:6      | Noticed Lokiki's ghost (novice DDHu)
  5589 | D:6      | Got a transparent ring mail
  5600 | D:6      | Identified the cursed +1 ring mail of Otejup {Int+2} (You found it on level 6 of the Dungeon)
  5808 | D:6      | Got a bloodstained long sword {drain}
  5809 | D:6      | Identified the cursed +0 long sword of the Eggplant {drain, Dex+2} (You took it off a gnoll on level 6 of the Dungeon)
  5815 | D:6      | Reached skill level 4 in Armour
  5978 | D:6      | Reached **** piety under Lugonu
  6145 | D:6      | Found a staircase to the Ecumenical Temple.
  6188 | D:6      | Banished Lokiki's ghost
  6188 | D:6      | Reached XP level 8. HP: 40/67 MP: 11/11
  6560 | D:6      | Reached skill level 5 in Axes
  6655 | D:7      | Reached skill level 1 in Long Blades
  6672 | D:7      | Reached skill level 5 in Invocations
  6980 | D:7      | Noticed Duvessa
  6982 | D:7      | Noticed Dowan
  7002 | D:7      | Killed Duvessa
  7002 | D:7      | Reached skill level 5 in Fighting
  7002 | D:7      | Reached skill level 5 in Armour
  7018 | D:7      | Noticed Lokiki's ghost (novice DDFi)
  7666 | D:7      | Noticed a hippogriff
  7676 | D:7      | Killed a hippogriff
  7676 | D:7      | Reached XP level 9. HP: 50/74 MP: 13/13
  7734 | D:7      | Banished Lokiki's ghost
  7734 | D:7      | Reached skill level 6 in Armour
  8114 | D:7      | Noticed Menkaure
  8128 | D:7      | Killed Menkaure
  8426 | D:7      | HP: 1/74 [wight/halberd (12)]
  8737 | D:7      | Slain by a wight

Skill      XL: |  1  2  3  4  5  6  7  8  9 |
---------------+----------------------------+-----
Axes           | 2 3 4 5 |  5.0
Armour         | 2 3 4 5 6 |  6.4
Dodging        | 1 |  1.3
Invocations    | 3 4 5 |  5.9
Fighting       | 4 5 |  5.3
Long Blades    | 2 4 |  4.0
Shields        | |  0.9

Action                   |  1- 3 |  4- 6 |  7- 9 || total
-------------------------+-------+-------+-------++-------
Melee: Hand axe          |    99 |   268 |   126 ||   493
       Kick              |    17 |    43 |    87 ||   147
       Long sword        |       |       |   254 ||   254
Invok: Depart the Abyss  |     1 |       |       ||     1
       Banish            |       |     2 |     5 ||     7
  Use: Scroll            |     2 |     5 |     4 ||    11
       Potion            |       |       |     4 ||     4
  Eat: Chunk             |     1 |    10 |     5 ||    16
       Ration            |       |       |     7 ||     7
Armor: Leather armour    |    27 |       |       ||    27
       Chain mail        |    66 |   260 |    37 ||   363
       Plate armour      |       |       |   250 ||   250
       Skin              |       |       |    42 ||    42
Dodge: Dodged            |    53 |    81 |    35 ||   169
Block: Buckler           |       |    16 |    43 ||    59
       Rpst.: Long sword |       |       |     8 ||     8
